[Event "Titled Tuesday Blitz October 5 2021"]
[White "Taboas Rodriguez, Daniel"]
[Black "Roman, Rodrigo"]
[WhiteFideId "2208466"]
[BlackFideId "3701220"]
[WhiteElo "2429"]
[BlackElo "2036"]
[Result "1/2-1/2"]
[Round "05"]
[TimeControl "180+1"]
[Date "2021.10.05"]
[WhiteClock "0:00:08"]
[BlackClock "0:00:07"]

1. d4 Nf6 2. Nf3 e6 3. c4 c5 4. e3 cxd4 5. exd4 d5 6. Nc3 Nc6 7. Bg5 dxc4 8. Bxc4 Be7 9. O-O O-O 10. Re1 b6 11. a3 Bb7 12. Rc1 h6 13. Be3 Rc8 14. Ba2 Rc7 15. Qd2 Rd7 16. Bxh6 Nxd4 17. Qg5 Nf5 18. Ne5 Rd4 19. Nb5 Nxh6 20. Nxd4 Qxd4 21. Rc7 Bc5 22. Rf1 Ne4 23. Qf4 Nxf2 24. Qxd4 Bxd4 25. Rxb7 Nfg4+ 26. Kh1 Nxe5 27. Rxa7 Nd3 28. g3 Ng4 29. Rd7 Ndf2+ 30. Kg2 Bxb2 31. Rxf2 Nxf2 32. Kxf2 Bxa3 33. Rb7 Bc5+ 34. Kf3 Ra8 35. Bc4 Ra3+ 36. Kg2 Ra4 37. Bb5 Rd4 38. Be8 Rd2+ 39. Kh1 f6 40. Bf7+ Kf8 41. Bxe6 Ke8 42. Rxg7 Be7 43. Rg8+ Bf8 44. Rg4 b5 45. Re4 Be7 46. Re3 b4 47. Bb3 Kd8 48. h4 Ke8 49. Rf3 Kf8 50. g4 Kg7 51. Kg1 Rd4 52. Rg3 Bd6 53. Rg2 Bc5 54. Kh1 Rd3 55. Bc4 Rh3+ 56. Rh2 Rg3 57. Rg2 Rh3+ 58. Rh2 Rc3 59. Bd5 Rc1+ 60. Kg2 Rg1+ 61. Kh3 Rd1 62. Be6 Rd3+ 63. Kg2 b3 64. Rh1 b2 65. Bf5 Rd2+ 66. Kf3 Ba3 67. Rb1 Rd4 68. h5 Rc4 69. Ke3 Rc1 70. Kd4 Kh6 71. Kd5 Kg5 72. Ke6 Rxb1 73. Bxb1 Bf8 74. Kf7 Bh6 75. Ke6 Bg7 76. Kf7 Bh6 77. Ke6 Bg7 78. Kf7 Bh6 1/2-1/2


[Site "https://www.chess.com"]

[Event "Titled Tuesday Blitz October 5 2021"]
[White "Tasev, Dejan"]
[Black "Ertan, Can"]
[WhiteFideId "936618"]
[BlackFideId "6306330"]
[WhiteElo "2253"]
[BlackElo "2223"]
[Result "1-0"]
[Round "05"]
[TimeControl "180+1"]
[Date "2021.10.05"]
[WhiteClock "0:00:12"]
[BlackClock "0:01:04"]

1. e4 e5 2. Nf3 Nc6 3. Bc4 Bc5 4. d3 d6 5. h3 Nf6 6. Nc3 Na5 7. Bb3 Nxb3 8. axb3 a6 9. Be3 Bxe3 10. fxe3 O-O 11. O-O d5 12. exd5 Nxd5 13. Nxd5 Qxd5 14. e4 Qc5+ 15. Kh2 f5 16. exf5 Bxf5 17. Nd2 Rad8 18. Ra4 Rd4 19. Rc4 Qd6 20. Kh1 b5 21. Rxd4 Qxd4 22. Qf3 h6 23. Kh2 Qxb2 24. Qd5+ Kh7 25. Qc5 Rf6 26. g4 Bxd3 27. Rxf6 gxf6 28. Qe7+ Kg6 29. Qe8+ Kg5 30. Qh5+ Kf4 31. Qxh6# 1-0


[Site "https://www.chess.com"]

[Event "Titled Tuesday Blitz October 5 2021"]
[White "Timmermans, Mark"]
[Black "Holt, Conrad"]
[WhiteFideId "1026399"]
[BlackFideId "2034387"]
[WhiteElo "2460"]
[BlackElo "2586"]
[Result "1/2-1/2"]
[Round "05"]
[TimeControl "180+1"]
[Date "2021.10.05"]
[WhiteClock "0:00:06"]
[BlackClock "0:00:04"]

1. b4 d5 2. Bb2 Bg4 3. Nf3 e6 4. e3 Nd7 5. Be2 Ngf6 6. b5 Bd6 7. O-O e5 8. d4 Bxf3 9. Bxf3 e4 10. Be2 h5 11. h3 Nb6 12. a4 Qd7 13. Ba3 Rh6 14. Bxd6 cxd6 15. Nd2 Rc8 16. a5 Nc4 17. Nxc4 dxc4 18. b6 axb6 19. axb6 d5 20. Ra5 Qd6 21. c3 Kf8 22. Qa1 Kg8 23. Ra8 Qd8 24. Rxc8 Qxc8 25. Qa5 Rg6 26. Kh1 Rg5 27. Ra1 Kh7 28. Qc5 Qf5 29. f4 Rg3 30. Bf1 Rxe3 31. Qc7 Rxc3 32. Qxb7 e3 33. Qxf7 Rb3 34. b7 Qxf4 35. Be2 Rb2 36. Bxh5 Qg5 37. Bf3 Ne4 38. Qc7 e2 39. b8=Q Rxb8 40. Qxb8 Qe3 41. Bxe4+ Qxe4 42. Qg3 Qxd4 43. Re1 c3 44. Rxe2 Qd1+ 45. Re1 c2 46. Qe3 d4 47. Qe4+ Kh8 48. Qe8+ Kh7 49. Qe4+ Kh8 50. Qe8+ Kh7 51. Qe4+ 1/2-1/2


[Site "https://www.chess.com"]

[Event "Titled Tuesday Blitz October 5 2021"]
[White "Timofeev, Artyom"]
[Black "Warmerdam, Max"]
[WhiteFideId "4140419"]
[BlackFideId "1048104"]
[WhiteElo "2591"]
[BlackElo "2537"]
[Result "1/2-1/2"]
[Round "05"]
[TimeControl "180+1"]
[Date "2021.10.05"]
[WhiteClock "0:00:28"]
[BlackClock "0:00:31"]

1. c4 e6 2. Nf3 d5 3. b3 Nf6 4. Bb2 c5 5. e3 Nc6 6. cxd5 exd5 7. Be2 d4 8. Bb5 Bd6 9. O-O O-O 10. Bxc6 bxc6 11. exd4 cxd4 12. Bxd4 c5 13. Be3 Bb7 14. h3 Re8 15. Nc3 Rc8 16. Re1 Bb8 17. Nh2 Qd6 18. Nf1 Ba6 19. Qf3 h6 20. Ng3 Qd7 21. Qf5 Qc6 22. Nh5 Nxh5 23. Qxh5 Bb7 24. f3 Re5 25. Qh4 Rce8 26. Bf2 Qg6 27. Rxe5 Bxe5 28. Qg4 Qd3 29. Re1 Re6 30. Qc4 Qxd2 31. Ne4 Bxe4 32. Rxe4 Bd4 33. Bxd4 Rxe4 34. fxe4 cxd4 35. Qc8+ Kh7 36. Qf5+ Kg8 37. Qc8+ Kh7 38. Qf5+ Kg8 39. Qc8+ 1/2-1/2


[Site "https://www.chess.com"]

[Event "Titled Tuesday Blitz October 5 2021"]
[White "Tristan, Leonardo"]
[Black "Gabrielian, Artur"]
[WhiteFideId "113816"]
[BlackFideId "4131002"]
[WhiteElo "2404"]
[BlackElo "2489"]
[Result "0-1"]
[Round "05"]
[TimeControl "180+1"]
[Date "2021.10.05"]
[WhiteClock "0:00:07"]
[BlackClock "0:00:16"]

1. d4 Nf6 2. Nf3 g6 3. Bf4 Bg7 4. e3 O-O 5. Be2 d6 6. O-O b6 7. h3 Bb7 8. Nh2 Nbd7 9. Nf3 Qe8 10. Bh2 e5 11. c3 Qe7 12. Nbd2 e4 13. Ne1 Ne8 14. a4 a6 15. Qb3 Kh8 16. a5 f5 17. axb6 Nxb6 18. Ra5 Nf6 19. Nc2 g5 20. Rxf5 h6 21. Ra5 Bd5 22. c4 Bg8 23. Rfa1 Qf7 24. Bg3 Nh5 25. Bxh5 Qxh5 26. Qc3 Qe2 27. Re1 Qd3 28. Qxd3 exd3 29. Nb4 Nxc4 30. Nxc4 Bxc4 31. Rd1 Rab8 32. Nxd3 Rb3 33. Ra3 Rfb8 34. Kh2 Rxa3 35. bxa3 Rb3 36. Nb4 a5 37. Nc6 Bd5 38. Rc1 Rxa3 39. Ne7 Be4 40. Rxc7 Ra2 41. Nc8 d5 42. Nd6 Bg6 43. Rc8+ Kh7 44. Rc7 Kg8 45. Ra7 h5 46. Ra8+ Kh7 47. Ra7 Kg8 48. h4 gxh4 49. Bxh4 Bf8 50. Nc8 a4 51. Ne7+ Bxe7 52. Rxe7 a3 53. Ra7 Ra1 54. Kg3 Be4 55. f3 Bd3 56. Kf4 a2 57. Ke5 Bc4 58. e4 Rg1 59. exd5 a1=Q 60. Rxa1 Rxa1 61. d6 Bb5 62. Ke6 Ra7 63. Be7 Bd7+ 64. Kf6 Ra5 65. f4 Rf5+ 66. Kg6 Rxf4 67. Kxh5 Rxd4 68. g3 Kf7 69. Kg5 Rg4+ 70. Kh5 Rxg3 71. Bh4 Rg4 72. Bg5 Rd4 73. Bh4 Rxd6 74. Bg5 Rd5 75. Kh6 Bg4 0-1


[Site "https://www.chess.com"]

[Event "Titled Tuesday Blitz October 5 2021"]
[White "Viani Antonio Dcunha"]
[Black "Goltsev, Dmitry"]
[WhiteFideId "5027330"]
[BlackFideId "24176710"]
[WhiteElo "2366"]
[BlackElo "2334"]
[Result "1/2-1/2"]
[Round "05"]
[TimeControl "180+1"]
[Date "2021.10.05"]
[WhiteClock "0:00:13"]
[BlackClock "0:00:53"]

1. e4 e6 2. d4 d5 3. Nc3 Nf6 4. e5 Nfd7 5. f4 c5 6. Nf3 Nc6 7. Ne2 a6 8. g3 b5 9. Bh3 Qb6 10. c3 cxd4 11. cxd4 g6 12. O-O Bb7 13. Be3 Na5 14. b3 Rc8 15. Qd2 Ba3 16. Qd3 Nc6 17. Bc1 Nb4 18. Qd1 Bxc1 19. Rxc1 Ke7 20. Qd2 a5 21. a3 Na6 22. g4 h5 23. f5 hxg4 24. Qg5+ Ke8 25. fxe6 Qxe6 26. Bxg4 Qe7 27. Qxe7+ Kxe7 28. Bxd7 Kxd7 29. Ng5 Rxc1 30. Nxc1 Rf8 31. e6+ Ke7 32. Rxf7+ Rxf7 33. exf7 Nb8 34. Nd3 Nd7 35. b4 axb4 36. axb4 Kf6 37. h4 Nf8 38. Ne5 Bc8 39. Kf2 Be6 40. Kf3 Bf5 41. Kf4 Be6 42. Nxe6 Nxe6+ 43. Kg4 Kg7 44. Nf3 Kxf7 45. Ng5+ Kf6 46. Nxe6 Kxe6 47. Kg5 Kf7 48. h5 gxh5 49. Kxh5 Kf6 50. Kg4 Kg6 51. Kf4 Kf6 52. Kg4 Kg6 53. Kf4 Kf6 54. Kg4 1/2-1/2


[Site "https://www.chess.com"]

[Event "Titled Tuesday Blitz October 5 2021"]
[White "Visakh N R"]
[Black "Le, Tuan Minh"]
[WhiteFideId "25012223"]
[BlackFideId "12401153"]
[WhiteElo "2454"]
[BlackElo "2450"]
[Result "1/2-1/2"]
[Round "05"]
[TimeControl "180+1"]
[Date "2021.10.05"]
[WhiteClock "0:00:10"]
[BlackClock "0:00:05"]

1. d4 d5 2. c4 c6 3. Nc3 Nf6 4. Nf3 a6 5. cxd5 cxd5 6. Bf4 Nc6 7. e3 Bg4 8. Be2 Bxf3 9. Bxf3 e6 10. O-O Bd6 11. Bxd6 Qxd6 12. Rc1 O-O 13. Na4 Rac8 14. Nc5 Rc7 15. Qb3 Rb8 16. Rc3 e5 17. dxe5 Nxe5 18. Rfc1 g6 19. Be2 Neg4 20. g3 d4 21. Qd1 Nxf2 22. Qxd4 Qxd4 23. exd4 Nh3+ 24. Kg2 Re7 25. Kxh3 Rxe2 26. R1c2 Re7 27. Rb3 Rd8 28. Rxb7 Rxb7 29. Nxb7 Rxd4 30. Nc5 a5 31. Nb3 Ra4 32. a3 Kg7 33. Rc5 Re4 34. Nxa5 Re2 35. Nc4 Ne4 36. Re5 f5 37. g4 Kf6 38. gxf5 gxf5 39. a4 Rc2 40. b3 Rc3+ 41. Kg2 Rxc4 42. Rxf5+ Kxf5 43. bxc4 Ke5 44. a5 Nc5 45. Kg3 Kd4 46. Kg4 Kxc4 47. Kg5 Kb5 48. Kh6 Ne4 49. Kxh7 Ng5+ 50. Kg6 Nh3 51. Kf5 Kxa5 52. Kg4 Nf2+ 53. Kf3 Nh3 54. Kg3 Ng5 55. h4 Nf7 56. Kf4 Kb6 57. Kf5 Kc7 58. Kg6 Ne5+ 59. Kf6 Ng4+ 60. Kf5 Nh6+ 61. Kg6 Ng4 62. Kg5 Ne5 63. h5 Kd6 64. Kf5 Ke7 65. h6 Kf7 66. Kxe5 Kg6 67. Ke4 Kxh6 1/2-1/2


[Site "https://www.chess.com"]

[Event "Titled Tuesday Blitz October 5 2021"]
[White "Vivas Zamora, Fabian Ernesto"]
[Black "Gimenez Aguirre, Alejo Ismael"]
[WhiteFideId "3902480"]
[BlackFideId "32041667"]
[WhiteElo "1966"]
[BlackElo "2031"]
[Result "0-1"]
[Round "05"]
[TimeControl "180+1"]
[Date "2021.10.05"]
[WhiteClock "0:00:01"]
[BlackClock "0:00:54"]

1. c4 e5 2. Nc3 Nc6 3. Nf3 a6 4. d4 exd4 5. Nxd4 Bc5 6. Be3 Bb4 7. Qb3 Nge7 8. g3 O-O 9. Bg2 Bxc3+ 10. Qxc3 d6 11. Nxc6 bxc6 12. Bd4 f6 13. Rd1 Rb8 14. c5 d5 15. O-O Be6 16. b3 Qc8 17. Rfe1 Rd8 18. e4 Bh3 19. e5 fxe5 20. Rxe5 Ng6 21. Re3 Bxg2 22. Kxg2 Qg4 23. Rde1 Nh4+ 24. Kh1 Nf5 25. Re5 Nxd4 26. Re7 Qf3+ 27. Kg1 Qxc3 0-1


[Site "https://www.chess.com"]

[Event "Titled Tuesday Blitz October 5 2021"]
[White "Vlachos, Anatole"]
[Black "Mustafayev, Farid"]
[WhiteFideId "26093189"]
[BlackFideId "13408771"]
[WhiteElo "2350"]
[BlackElo "2091"]
[Result "1-0"]
[Round "05"]
[TimeControl "180+1"]
[Date "2021.10.05"]
[WhiteClock "0:01:05"]
[BlackClock "0:02:02"]

1. Nf3 Nf6 2. g3 g6 3. Bg2 Bg7 4. O-O O-O 5. d4 d5 6. Nc3 c5 7. dxc5 Nc6 8. e4 d4 9. Nb5 e5 10. Bg5 h6 11. Bxf6 Qxf6 12. c3 a6 13. Na3 Qe7 14. cxd4 exd4 15. Rc1 Qxe4 16. Nc4 d3 17. Nd6 Qe2 18. Qxe2 dxe2 19. Rfe1 Bxb2 20. Rb1 Bf6 21. Nxc8 Raxc8 22. Rxe2 Rfe8 23. Rxe8+ Rxe8 24. Rxb7 Re2 25. Rb6 Re6 26. Rxa6 Be7 27. Nd2 Re1+ 28. Nf1 Nd4 29. c6 Rc1 30. h3 Kg7 31. Kh2 Rc2 32. Ne3 Rxf2 33. c7 Re2 34. c8=Q 1-0


[Site "https://www.chess.com"]

[Event "Titled Tuesday Blitz October 5 2021"]
[White "Vlassov, Nikolai"]
[Black "Jobava, Baadur"]
[WhiteFideId "4103360"]
[BlackFideId "13601520"]
[WhiteElo "2407"]
[BlackElo "2731"]
[Result "0-1"]
[Round "05"]
[TimeControl "180+1"]
[Date "2021.10.05"]
[WhiteClock "0:00:01"]
[BlackClock "0:01:01"]

1. e4 d6 2. f4 e5 3. Nf3 Nf6 4. Nc3 Be7 5. Bc4 O-O 6. O-O Nxe4 7. fxe5 Nxc3 8. bxc3 d5 9. Be2 c5 10. d4 Nc6 11. Be3 Be6 12. Rb1 b6 13. Qd2 Rc8 14. Rf2 cxd4 15. cxd4 Na5 16. Rbf1 Qc7 17. Bg5 Ba3 0-1


[Site "https://www.chess.com"]

[Event "Titled Tuesday Blitz October 5 2021"]
[White "Weetik, Vjacheslav"]
[Black "Wagner, Dennis"]
[WhiteFideId "4153472"]
[BlackFideId "24650684"]
[WhiteElo "2469"]
[BlackElo "2355"]
[Result "0-1"]
[Round "05"]
[TimeControl "180+1"]
[Date "2021.10.05"]
[WhiteClock "0:00:04"]
[BlackClock "0:00:21"]

1. d4 Nf6 2. Bf4 d5 3. e3 Bf5 4. c4 e6 5. Nc3 Bb4 6. Qb3 Nc6 7. Nf3 Ne4 8. cxd5 exd5 9. Bb5 O-O 10. O-O Bxc3 11. bxc3 Na5 12. Qa3 c6 13. Be2 f6 14. Rfc1 b5 15. h3 Re8 16. Qb2 Qe7 17. Nd2 Nxd2 18. Qxd2 Nc4 19. Bxc4 bxc4 20. a4 a5 21. Ra2 Ra7 22. Rb2 Rb7 23. Bg3 Ra8 24. Rxb7 Qxb7 25. f3 Bd3 26. Re1 Re8 27. Kh2 h5 28. h4 Qb3 29. Ra1 Kh7 30. Ra2 Re7 31. Bf4 Rb7 32. Ra1 Bb1 33. e4 dxe4 34. fxe4 Bxe4 35. Re1 Bd5 36. Bd6 Qb2 37. Re2 Qxd2 38. Rxd2 Rb1 39. Bc7 Ra1 40. Bxa5 Rxa4 41. Bb4 Ra1 42. Rf2 Re1 43. Rd2 Re4 44. Kh3 Kg6 45. Kg3 Rg4+ 46. Kh3 Be6 47. Kh2 Rxh4+ 48. Kg3 Re4 49. Kf3 Bd5 50. Kf2 Kf5 51. Bd6 g5 52. Bc7 h4 53. Kg1 Re1+ 54. Kf2 Rh1 55. Bd8 Rc1 56. Ba5 Kg4 57. Bd8 f5 58. Ba5 f4 0-1


[Site "https://www.chess.com"]

[Event "Titled Tuesday Blitz October 5 2021"]
[White "Yoo, Christopher Woojin"]
[Black "Seo, Jung Min"]
[WhiteFideId "30909694"]
[BlackFideId "1734687"]
[WhiteElo "2105"]
[BlackElo "2486"]
[Result "1-0"]
[Round "05"]
[TimeControl "180+1"]
[Date "2021.10.05"]
[WhiteClock "0:00:03"]
[BlackClock "0:00:03"]

1. e4 e5 2. Nf3 Nf6 3. Nc3 Nc6 4. a4 Bb4 5. Bd3 O-O 6. O-O Re8 7. Re1 d6 8. Nd5 Bc5 9. c3 a5 10. Bc2 Nxd5 11. exd5 Ne7 12. d4 exd4 13. Ng5 Ng6 14. Rxe8+ Qxe8 15. cxd4 Bxd4 16. Ra3 Bc5 17. Rg3 Qe5 18. Nf3 Qe7 19. Bg5 f6 20. Bd2 Bd7 21. h4 Ne5 22. h5 Bg4 23. h6 g6 24. Bc3 f5 25. Qd2 Nxf3+ 26. gxf3 Qh4 27. Kg2 Bh5 28. Bxf5 Re8 29. Be6+ Kf8 30. Qg5 Qxg5 31. Rxg5 Ke7 32. f4 Rf8 33. f5 c6 34. fxg6 Bxg6 35. Rxg6 hxg6 36. h7 cxd5 37. Bxd5 b6 38. Bg8 1-0


[Site "https://www.chess.com"]

[Event "Titled Tuesday Blitz October 5 2021"]
[White "Zhigalko, Sergei"]
[Black "Gelman, Alexander"]
[WhiteFideId "13502956"]
[BlackFideId "4118316"]
[WhiteElo "2662"]
[BlackElo "2375"]
[Result "1-0"]
[Round "05"]
[TimeControl "180+1"]
[Date "2021.10.05"]
[WhiteClock "0:00:21"]
[BlackClock "0:00:05"]

1. e4 c5 2. Nf3 e6 3. c3 d5 4. e5 Nc6 5. d4 Bd7 6. Be2 f6 7. O-O fxe5 8. dxe5 Be7 9. c4 d4 10. Bd3 Nh6 11. Re1 Nf7 12. Nbd2 g5 13. h3 Qc7 14. Ne4 Rg8 15. Nfxg5 Nxg5 16. Bxg5 O-O-O 17. Bxe7 Nxe7 18. Nf6 Rg7 19. Qh5 Bc6 20. Be4 Bxe4 21. Rxe4 d3 22. Rd1 Qc6 23. Qf3 Nf5 24. Rxd3 Rxd3 25. Qxd3 Nd4 26. Rg4 1-0


[Site "https://www.chess.com"]

[Event "Titled Tuesday Blitz October 5 2021"]
[White "Aditya Mittal"]
[Black "Przybylski, Wojciech"]
[WhiteFideId "35042025"]
[BlackFideId "1117599"]
[WhiteElo "2245"]
[BlackElo "2247"]
[Result "1-0"]
[Round "06"]
[TimeControl "180+1"]
[Date "2021.10.05"]
[WhiteClock "0:02:14"]
[BlackClock "0:01:35"]

1. c4 Nf6 2. Nc3 e6 3. Nf3 d5 4. e3 Be7 5. b3 O-O 6. Bb2 c5 7. cxd5 exd5 8. d4 Nc6 9. Be2 Bf5 10. O-O b6 11. Rc1 Rc8 12. Ne5 cxd4 13. Nxc6 Rxc6 14. Qxd4 Re8 15. Bb5 Bc5 16. Qf4 Bd7 17. Bxc6 Bxc6 18. Na4 Re4 19. Bxf6 gxf6 20. Qg3+ Kh8 21. Nxc5 bxc5 22. Rxc5 Bb7 23. Qc7 Qa8 24. Qxf7 d4 25. Qxf6+ Kg8 26. Rg5# 1-0


[Site "https://www.chess.com"]

[Event "Titled Tuesday Blitz October 5 2021"]
[White "Aloma Vidal, Robert"]
[Black "Sychev, Klementy"]
[WhiteFideId "2260409"]
[BlackFideId "4114060"]
[WhiteElo "2435"]
[BlackElo "2615"]
[Result "0-1"]
[Round "06"]
[TimeControl "180+1"]
[Date "2021.10.05"]
[WhiteClock "0:00:41"]
[BlackClock "0:01:12"]

1. e4 c5 2. c3 g6 3. d4 Bg7 4. Nf3 Qa5 5. dxc5 Qxc5 6. Na3 Qa5 7. Nc4 Qc7 8. e5 Nc6 9. Bf4 Nh6 10. a4 O-O 11. Be2 Ng4 12. Qd5 e6 13. Qe4 Qd8 14. h3 f5 15. Qc2 Nh6 16. Nd6 b6 17. b4 Nf7 18. Rd1 Nxd6 19. Rxd6 Qe7 20. Qd2 Nd8 21. Bg5 Qe8 22. Bxd8 Qxd8 23. Rxe6 dxe6 0-1


[Site "https://www.chess.com"]

[Event "Titled Tuesday Blitz October 5 2021"]
[White "Al-Tarboush, Ward"]
[Black "Babazada, Khazar"]
[WhiteFideId "7601450"]
[BlackFideId "13413554"]
[WhiteElo "2296"]
[BlackElo "2302"]
[Result "0-1"]
[Round "06"]
[TimeControl "180+1"]
[Date "2021.10.05"]
[WhiteClock "0:00:09"]
[BlackClock "0:00:23"]

1. d4 d5 2. Nf3 Nf6 3. Nc3 g6 4. Bg5 Bg7 5. e3 O-O 6. Bd3 b6 7. O-O Bb7 8. Qe2 Ne4 9. Bxe4 dxe4 10. Nd2 f5 11. Qc4+ Kh8 12. Qe6 Re8 13. f3 exf3 14. Nxf3 Qd7 15. Qf7 e6 16. Qxd7 Nxd7 17. Rad1 a6 18. Bf4 Rac8 19. Ne5 Nxe5 20. Bxe5 Bxe5 21. dxe5 Red8 22. Kf2 Kg7 23. g3 g5 24. e4 Kg6 25. Ke3 h6 26. Rd3 Rxd3+ 27. cxd3 Rd8 28. d4 c5 29. d5 exd5 30. exf5+ Kf7 31. Na4 d4+ 32. Kd2 Rb8 33. e6+ Ke7 34. Nxb6 Bg2 35. f6+ Kxe6 36. Re1+ Kf7 37. Nd7 Rxb2+ 38. Kc1 Rf2 39. Re7+ Kg8 40. Re8+ Kh7 41. Re7+ Kg8 42. Rg7+ Kh8 43. Nxc5 Rxf6 44. Ra7 Rc6 45. Ra8+ Kg7 46. Ra7+ Kf8 47. Ra8+ Ke7 48. Ra7+ Kd6 49. Rxa6 Kxc5 0-1


[Site "https://www.chess.com"]

[Event "Titled Tuesday Blitz October 5 2021"]
[White "Alvarez Calzadilla, Jose Avelino"]
[Black "Klimciauskas, Domantas"]
[WhiteFideId "3526151"]
[BlackFideId "12802999"]
[WhiteElo "2532"]
[BlackElo "2255"]
[Result "1-0"]
[Round "06"]
[TimeControl "180+1"]
[Date "2021.10.05"]
[WhiteClock "0:00:41"]
[BlackClock "0:00:11"]

1. d4 g6 2. e4 Bg7 3. Nf3 d6 4. c3 Nf6 5. Bd3 O-O 6. O-O Nc6 7. Re1 e5 8. d5 Ne7 9. c4 h5 10. Nc3 Nh7 11. b4 a5 12. bxa5 Rxa5 13. a4 f5 14. Ba3 g5 15. Bb4 Ra8 16. c5 g4 17. Nd2 f4 18. cxd6 cxd6 19. Nb5 Rf6 20. Nc4 Ra6 21. Qb3 Ng6 22. Rec1 Bf8 23. Qa3 Bd7 24. Ncxd6 Bxd6 25. Nxd6 Rxa4 26. Qb3 Rxa1 27. Rxa1 g3 28. hxg3 fxg3 29. fxg3 Qb6+ 30. Kh2 Rxd6 31. Ra8+ Kg7 32. Qc3 Rf6 33. Bc5 Qc7 34. Bf8+ Nhxf8 35. Qxc7 h4 36. gxh4 Rf2 37. Rxf8 Nxf8 38. Qxe5+ Kf7 39. Qh5+ Ng6 40. e5 1-0


[Site "https://www.chess.com"]

[Event "Titled Tuesday Blitz October 5 2021"]
[White "Andreikin, Dmitry"]
[Black "Holt, Conrad"]
[WhiteFideId "4158814"]
[BlackFideId "2034387"]
[WhiteElo "2736"]
[BlackElo "2586"]
[Result "0-1"]
[Round "06"]
[TimeControl "180+1"]
[Date "2021.10.05"]
[WhiteClock "0:00:21"]
[BlackClock "0:01:43"]

1. e4 e6 2. d4 d5 3. Nc3 Nf6 4. e5 Nfd7 5. f4 c5 6. Nf3 Nc6 7. Be3 cxd4 8. Nxd4 Bc5 9. Qd2 O-O 10. O-O-O a6 11. Kb1 Qc7 12. h4 Nxd4 13. Bxd4 b5 14. h5 b4 15. Ne2 a5 16. h6 g6 17. Qe1 Ba6 18. Qh4 Rfc8 19. Bxc5 Bxe2 20. Bxe2 Qxc5 21. Bd3 a4 22. f5 b3 23. cxb3 axb3 24. fxe6 Rxa2 25. exf7+ Kf8 26. Bc4 Rca8 27. Kc1 Qe3+ 0-1


[Site "https://www.chess.com"]

[Event "Titled Tuesday Blitz October 5 2021"]
[White "Aradhya, Garg"]
[Black "Bilan, Danila"]
[WhiteFideId "25006746"]
[BlackFideId "24161918"]
[WhiteElo "2146"]
[BlackElo "2164"]
[Result "1-0"]
[Round "06"]
[TimeControl "180+1"]
[Date "2021.10.05"]
[WhiteClock "0:00:55"]
[BlackClock "0:00:01"]

1. d4 d5 2. c4 c6 3. Nc3 Nf6 4. cxd5 cxd5 5. Bf4 Nc6 6. e3 Bg4 7. Qb3 Qb6 8. Qxb6 axb6 9. Bb5 Bd7 10. Nf3 e6 11. Ke2 Bb4 12. Rhc1 Bxc3 13. bxc3 Na5 14. Bd3 Nc4 15. Ne5 b5 16. Rcb1 Bc6 17. a4 bxa4 18. Nxc4 dxc4 19. Bxc4 O-O 20. f3 Nd5 21. Kd2 Nxf4 22. exf4 Ra5 23. Rb6 g6 24. Ra3 Rd8 25. Bd3 Kg7 26. Be4 Bb5 27. Rxb7 Bc4 28. Rb4 Bb5 29. c4 Be8 30. Ke3 Rda8 31. Bxa8 Rxa8 32. d5 exd5 33. cxd5 Kf6 34. Rb6+ Kg7 35. Kd4 Bd7 36. Rb7 Bf5 37. g4 Bc2 38. d6 Rd8 39. d7 Bb3 40. Ke5 Kf8 41. Kd6 1-0


[Site "https://www.chess.com"]

[Event "Titled Tuesday Blitz October 5 2021"]
[White "Begunov, Konstantin"]
[Black "Potapova, Margarita"]
[WhiteFideId "4118510"]
[BlackFideId "14126869"]
[WhiteElo "2262"]
[BlackElo "2214"]
[Result "0-1"]
[Round "06"]
[TimeControl "180+1"]
[Date "2021.10.05"]
[WhiteClock "0:00:01"]
[BlackClock "0:00:21"]

1. d4 Nf6 2. c4 e6 3. Nf3 d5 4. cxd5 exd5 5. Nc3 Bb4 6. Qa4+ Nc6 7. Ne5 Bd7 8. Nxc6 Bxc3+ 9. bxc3 Bxc6 10. Qc2 Ne4 11. e3 Qg5 12. g3 h5 13. f3 Nd6 14. Bd3 h4 15. e4 Qe7 16. O-O hxg3 17. hxg3 O-O-O 18. e5 Nc4 19. Kg2 Kb8 20. Bd2 f6 21. f4 fxe5 22. fxe5 Nxe5 23. dxe5 d4+ 24. Kf2 Qxe5 25. Bf4 Qd5 26. Ke1 dxc3 27. Be2 Rhe8 28. Rd1 Qc5 29. Rxd8+ Rxd8 30. Bg5 Re8 31. Rf4 a6 0-1


[Site "https://www.chess.com"]

[Event "Titled Tuesday Blitz October 5 2021"]
[White "Bodnaruk, Anastasia"]
[Black "Berezin, Viktor"]
[WhiteFideId "4181751"]
[BlackFideId "14107872"]
[WhiteElo "2406"]
[BlackElo "2310"]
[Result "0-1"]
[Round "06"]
[TimeControl "180+1"]
[Date "2021.10.05"]
[WhiteClock "0:00:02"]
[BlackClock "0:00:18"]

1. e4 d5 2. exd5 Nf6 3. d4 Bg4 4. Be2 Bxe2 5. Nxe2 Qxd5 6. O-O e6 7. b3 c5 8. c4 Qh5 9. Nbc3 Bd6 10. Bf4 Bxf4 11. Nxf4 Qxd1 12. Rfxd1 cxd4 13. Nb5 Na6 14. Nd6+ Ke7 15. Nxb7 e5 16. Re1 Nd7 17. Nd3 f6 18. f4 Ke6 19. fxe5 fxe5 20. c5 Rac8 21. Nd6 Naxc5 22. Nxc8 Nxd3 23. Red1 e4 24. Nxa7 Kd5 25. Nb5 N7e5 26. Rd2 e3 27. Re2 Ke4 28. Rd1 Rd8 29. g3 Nf3+ 30. Kg2 Nf2 31. Rxf2 exf2 32. Kxf2 Rf8 33. Ke2 Rd8 34. Nc3+ Ke5 35. Kxf3 Rf8+ 36. Ke2 dxc3 37. Rc1 Kd4 38. Rd1+ Kc5 39. Rd3 Kb4 40. Rd4+ Ka3 41. Rc4 Kb2 42. b4 c2 43. b5 c1=Q 44. Rxc1 Kxc1 45. Kd3 Kb2 46. a4 Kb3 47. b6 Kxa4 48. Kd4 Kb5 0-1


[Site "https://www.chess.com"]

[Event "Titled Tuesday Blitz October 5 2021"]
[White "Bortnyk, Olexandr"]
[Black "Bilych, Olexiy"]
[WhiteFideId "14120828"]
[BlackFideId "14156504"]
[WhiteElo "2723"]
[BlackElo "2248"]
[Result "1-0"]
[Round "06"]
[TimeControl "180+1"]
[Date "2021.10.05"]
[WhiteClock "0:00:12"]
[BlackClock "0:00:02"]

1. e4 e5 2. Nf3 Nc6 3. Bb5 a6 4. Ba4 Bc5 5. c3 Nge7 6. O-O Ba7 7. d4 Ng6 8. Bb3 O-O 9. Bg5 Qe8 10. Re1 Kh8 11. h3 f6 12. Be3 d6 13. Nbd2 Nce7 14. Nf1 b5 15. Ng3 Bb7 16. a4 Bb6 17. Qd2 Rd8 18. a5 Ba7 19. h4 d5 20. exd5 Nxd5 21. Bc2 Qc6 22. Be4 Ngf4 23. dxe5 fxe5 24. Bxa7 Qf6 25. Qc2 h6 26. Bc5 Nxg2 27. Kxg2 Nf4+ 28. Kh2 Bxe4 29. Qxe4 Rd3 30. Bxf8 Rxf3 31. Qxf3 Qxh4+ 32. Kg1 Nh3+ 33. Kf1 Qg5 34. Qf5 Qh4 35. Qf7 1-0


[Site "https://www.chess.com"]

[Event "Titled Tuesday Blitz October 5 2021"]
[White "Chitlange Sakshi"]
[Black "Skatchkov, Valery"]
[WhiteFideId "35002899"]
[BlackFideId "24195812"]
[WhiteElo "1787"]
[BlackElo "2195"]
[Result "0-1"]
[Round "06"]
[TimeControl "180+1"]
[Date "2021.10.05"]
[WhiteClock "0:00:07"]
[BlackClock "0:02:33"]

1. d4 Nf6 2. Bf4 d5 3. e3 c5 4. Nd2 Nc6 5. Ngf3 e6 6. c3 Nh5 7. Bg5 f6 8. Bh4 g6 9. Be2 Bd6 10. dxc5 Bxc5 11. c4 d4 12. Nxd4 Bxd4 13. Bxh5 Bxb2 14. Rb1 Bc3 15. Be2 O-O 16. Qc2 Ba5 17. Rd1 e5 18. O-O Bf5 19. Qb2 Qe7 20. Nb3 Bc7 21. Bg3 Rad8 22. c5 Be6 23. Qc3 f5 24. f4 exf4 25. Bxf4 Bxf4 26. exf4 Bxb3 27. Qxb3+ Kg7 28. Qc3+ Qf6 29. Qxf6+ Kxf6 30. Rb1 Rf7 31. Bf3 Rd4 32. Bxc6 bxc6 33. Rb3 Ke6 34. Re3+ Re4 35. Rc3 Kd5 36. Rd1+ Rd4 37. Rf1 Rb7 38. g3 Rb2 39. Rf2 Rd1+ 40. Kg2 Rdd2 41. Rd3+ Rxd3 42. Rxb2 Kxc5 43. Rb7 Rd2+ 44. Kf3 Rxa2 45. Rxh7 a5 46. Rh6 a4 47. Rxg6 Rd2 48. Rg8 a3 49. Ra8 a2 50. h4 Kb4 51. h5 Kb3 52. h6 Kb2 53. h7 Rh2 54. Ra7 a1=Q 55. Rxa1 Kxa1 56. g4 fxg4+ 57. Kxg4 0-1


[Site "https://www.chess.com"]